 Dungeon Crawl Stone Soup version 0.31-a0-230-g09eb5fc4d3 (webtiles) character file.

Game seed: 8720780265978025144

292 qw the Shooter (level 6, -3/52 HPs)
             Began as a Minotaur Hexslinger on July 6, 2023.
             Slain by Duvessa
             ... wielding a +4 short sword
              (8 damage)
             ... on level 4 of the Dungeon.
             The game lasted 00:01:01 (2697 turns).

qw the Shooter (Minotaur Hexslinger)                Turns: 2697, Time: 00:01:01

Health: -3/52      AC:  9    Str: 12    XL:     6   Next: 10%
Magic:  6/6        EV: 16    Int: 10    God:
Gold:   164        SH:  0    Dex: 15    Spells: 6/7 levels left

rFire   + . .        Y - +1 sling
rCold   . . .        (no shield)
rNeg    . . .        i - +3 ring mail
rPois   .            (helmet restricted)
rElec   .            (no cloak)
rCorr   .            (no gloves)
SInv    .            d - +0 pair of boots
Will    .....        (no amulet)
Stlth   +            g - +5 ring of evasion
HPRegen 0.28/turn    e - ring of protection from fire
MPRegen 0.10/turn

%: no passive effects
@: lit by a corona, about to teleport, glowing
A: horns 2, retaliatory headbutt
a: no special abilities


You were on level 4 of the Dungeon.
You visited 1 branch of the dungeon, and saw 4 of its levels.

You collected 164 gold pieces.


Innate Abilities, Weirdness & Mutations

You have a pair of horns on your head.
You reflexively headbutt those who attack you in melee.


   Skills:
 - Level 4.3 Fighting
 + Level 5.8 Ranged Weapons
 - Level 1.0 Armour
 - Level 2.1 Dodging
 - Level 1.0 Spellcasting
 - Level 2.0 Hexes


You had 6 spell levels left.
You knew the following spells:

 Your Spells              Type           Power      Damage    Failure   Level
a - Slow                  Hex            16%        N/A       34%         1

Your spell library contained the following spells:

 Spells                   Type           Power      Damage    Failure   Level
 Inner Flame              Hex/Fire       2%         N/A       83%         3
 Portal Projectile        Hex/Tloc       4%         N/A       83%         3
 Cause Fear               Hex            2%         N/A       98%         4

Inventory:

Hand Weapons
 Y - a +1 sling (weapon)
Armour
 d - a +0 pair of boots (worn)
 i - a +3 ring mail (worn)
Jewellery
 e - a ring of protection from fire (right hand)
 g - a +5 ring of evasion (left hand)
 j - a ring of wizardry
Scrolls
 a - 3 scrolls of identify
 h - a scroll of torment {unknown}
Potions
 b - a potion of mutation
 f - a potion of enlightenment {unknown}

Dungeon Overview and Level Annotations

Branches:
Dungeon (4/15)
 Temple: D:4-7

Altars:
Dithmenos
Makhleb
Ru

Shops:
D:1 [   D:3 :

Portals:
Abyss: D:4

Annotations:
D:4 1 transporter, Blork the orc; Dowan; Duvessa; Sigmund; qw's ghost, amateur GrFi


Message History

You shoot a sling bullet. The sling bullet hits Duvessa.
Duvessa is moderately wounded.
The orc throws a boomerang.
The boomerang misses you. Dowan gestures at you while chanting.
You are outlined in light.
Duvessa hits you with a +4 short sword! Blork the orc hits you with a +0 mace.
Blork the orc screams, "I'm much stronger than you!"
Blork the orc closely misses you. You furiously retaliate!
You headbutt Blork the orc! Something hits you. Duvessa misses you.
You furiously retaliate!
You headbutt Duvessa. Dowan hits you but does no damage.
You shoot a sling bullet. The sling bullet barely misses Duvessa.
The orc completely misses you. You furiously retaliate!
You headbutt the orc!
You kill the orc!
Dowan closely misses you. Blork the orc hits you with a +0 mace.
Duvessa hits you with a +4 short sword.
You shoot a sling bullet.
The sling bullet closely misses Duvessa.
Something hits you but does no damage. Dowan hits you with a +0 dagger.
The orc priest casts a cantrip, but nothing happens.
Blork the orc casts a spell at you.
The puff of flame hits you but does no damage.
Duvessa hits you with a +4 short sword.
2696 ||| READING scroll of teleportation.
As you read the scroll of teleportation, it crumbles to dust.
You feel strangely unstable.
Dowan mumbles some strange words.
Dowan blinks!
The orc hits you but does no damage.
A kobold comes into view. It is wielding a +0 short sword.
Duvessa hits you with a +4 short sword.
A hobgoblin comes into view.
Something hits you but does no damage. Blork the orc barely misses you.
You shoot a sling bullet. The hobgoblin shouts!
The kobold shouts!
The sling bullet hits Duvessa but does no damage.
Duvessa is moderately wounded.
The orc hits you but does no damage.
The orc priest begins to cast a cantrip, but forgets the words!
Duvessa hits you with a +4 short sword!
You die...

...............
..)......K....#
..............#
g............#
.............##
.!.....{......#
......oeo.....#
......o@.e....#
...###.......##
##\##......#
#..W#....### .#
#.####.....#
... #.....## ..
###....##
#.##.#......###
..
#..$#........#


You could see Duvessa, Blork the orc (resistant), Dowan, an orc priest, an orc,
a hobgoblin and a kobold.

Vanquished Creatures
  A black bear (D:3)
  A scorpion (D:3)
  A jelly (D:3)
  3 adders
  A worm (D:3)
  2 dart slugs
  2 orcs (D:4)
  5 ball pythons
  7 endoplasms
  4 giant cockroaches
  4 goblins
  9 hobgoblins
  6 jackals (D:2)
  7 kobolds
  A quokka (D:1)
  3 bats (D:3)
  6 frilled lizards
  5 rats
68 creatures vanquished.

Notes
Turn   | Place    | Note
-------+----------+-------------------------------------------
     0 | D:1      | qw the Minotaur Hexslinger began the quest for the Orb.
     0 | D:1      | Reached XP level 1. HP: 16/16 MP: 1/1
     0 | D:1      | 0 ||| qw: Version: 0.3-a-46-gb1f654a
     0 | D:1      | 0 ||| qw: Game counter: 1765
     0 | D:1      | 0 ||| qw: Melee chars always use a shield: true
     0 | D:1      | 0 ||| qw: God list: Okawaru
     0 | D:1      | 0 ||| qw: Allow faded altars: false
     0 | D:1      | 0 ||| qw: Do Orc after clearing Dungeon:15 true
     0 | D:1      | 0 ||| qw: Do second Lair branch before Depths: true
     0 | D:1      | 0 ||| qw: Lair rune preference: random
     0 | D:1      | 0 ||| qw: Goals: Normal
     0 | D:1      | 0 ||| PLANNING D:1-11
   118 | D:1      | Reached skill level 3 in Ranged Weapons
   141 | D:1      | Reached XP level 2. HP: 23/23 MP: 2/2
   422 | D:1      | Found Ryonal's Antique Armour Boutique.
   429 | D:1      | 429 ||| SHOPLISTING colourful robe (114 gold, have 55).
   429 | D:1      | 429 ||| SHOPLISTING pair of gloves (90 gold, have 55).
   429 | D:1      | 429 ||| SHOPLISTING pair of twisted gloves (190 gold, have
                  | 55).
   813 | D:1      | 813 ||| UPGRADING to +0 leather armour.
   823 | D:1      | 823 ||| DROPPING +0 robe.
   824 | D:1      | 824 ||| DROPPING amulet of magic regeneration.
   825 | D:1      | 825 ||| UPGRADING to +5 ring of evasion.
   826 | D:1      | 826 ||| READING 3 scrolls labelled XOT GIUNIA.
   827 | D:1      | 827 ||| DRINKING 2 grey potions.
   828 | D:1      | 828 ||| DROPPING scroll of poison.
   884 | D:2      | Reached XP level 3. HP: 19/29 MP: 3/3
   997 | D:2      | Found a shadowy altar of Dithmenos.
  1035 | D:2      | Reached skill level 4 in Ranged Weapons
  1306 | D:2      | Reached XP level 4. HP: 17/36 MP: 4/4
  1309 | D:2      | HP: 9/36 [poisoned by an adder]
  1865 | D:2      | 1865 ||| UPGRADING to +3 ring mail.
  1875 | D:2      | 1875 ||| DROPPING +0 leather armour.
  1876 | D:2      | 1876 ||| READING scroll labelled JUWESI JACWEHI.
  1877 | D:2      | 1877 ||| READING scroll labelled ISISCHYWKITID.
  1880 | D:2      | 1880 ||| READING 3 scrolls of identify.
  1880 | D:2      | 1880 ||| IDENTIFYING inky potion
  1881 | D:2      | 1881 ||| READING 2 scrolls of identify.
  1881 | D:2      | 1881 ||| IDENTIFYING glowing pink potion
  1882 | D:2      | 1882 ||| DROPPING potion of lignification.
  1968 | D:3      | Found a burning altar of Makhleb.
  1976 | D:3      | Reached skill level 1 in Armour
  2029 | D:3      | Noticed a scorpion
  2034 | D:3      | Killed a scorpion
  2035 | D:3      | Reached skill level 5 in Ranged Weapons
  2035 | D:3      | Reached XP level 5. HP: 33/41 MP: 5/5
  2258 | D:3      | Found Zeecs's Book Shoppe.
  2309 | D:3      | Found a faded altar of an unknown god.
  2364 | D:3      | Found a sacrificial altar of Ru.
  2473 | D:3      | 2473 ||| UPGRADING to +0 pair of boots.
  2478 | D:3      | 2478 ||| UPGRADING to ring of protection from fire.
  2490 | D:4      | Noticed a black bear
  2497 | D:4      | 2497 ||| STAIRDANCE
  2500 | D:3      | HP: 8/42 [acid (11)]
  2501 | D:3      | 2501 ||| READING 2 scrolls of teleportation.
  2502 | D:3      | 2502 ||| DRINKING potion of heal wounds.
  2510 | D:3      | Killed a black bear
  2516 | D:3      | Reached XP level 6. HP: 26/52 MP: 6/6
  2670 | D:4      | Found a transporter.
  2674 | D:4      | Found a one-way gate to the infinite horrors of the Abyss.
  2674 | D:4      | Noticed qw's ghost (amateur GrFi)
  2683 | D:4      | Noticed Duvessa
  2683 | D:4      | Noticed Sigmund
  2686 | D:4      | Noticed Blork the orc
  2688 | D:4      | Noticed Dowan
  2695 | D:4      | HP: 11/52 [Dowan/+0 dagger (4)]
  2696 | D:4      | 2696 ||| READING scroll of teleportation.
  2696 | D:4      | HP: 4/52 [Duvessa/+4 short sword (4)]
  2697 | D:4      | Slain by Duvessa

Levels and vault maps discovered:
D:1:      eino_arrival_water_cross, layout_basic, serial_shops, shop,
          st_stairs_9, corner_web_ring, due_unseen_surprise
D:2:      layout_basic, basic_altar
D:3:      layout_rooms, nicolae_ru_the_path_less_chosen, old_standard_altar,
          serial_shops, shop, shapermc_ecumenical_altar_mp_urbaneastern
D:4:      layout_cave_pools, gammafunk_ghost_abyssal_escape, serial_shops,
          nicolae_shop_crystal, uniq_duvessa, uniq_blork_the_orc, uniq_sigmund,
          uniq_crazy_yiuf_cottage

Skill      XL: |  1  2  3  4  5 |
---------------+----------------+-----
Ranged Weapons | 3 4 5 |  5.8
Fighting       | 2 4 |  4.3
Armour         | 1 |  1.0
Dodging        | |  2.1
Spellcasting   | |  1.0
Hexes          | |  2.0

Action                     |  1- 3 |  4- 6 || total
---------------------------+-------+-------++-------
   Fire: Sling             |   137 |    95 ||   232
    Use: Scroll            |     1 |     6 ||     7
         Potion            |     1 |     1 ||     2
 Armour: Robe              |     3 |       ||     3
         Leather armour    |     7 |       ||     7
         Ring mail         |       |    27 ||    27
  Dodge: Dodged            |    43 |    67 ||   110

Table legend:
 A = Non-vault XP
 B = Vault XP
 C = Vault XP percentage of total XP
 D = Non-vault monster count
 E = Vault monster count
 F = Vault count percentage of total count
                 A         B        C        D         E       F
            +---------+---------+-------+---------+---------+-------
      Total |     415 |       3 |   0.7 |      66 |       2 |   2.9
            +---------+---------+-------+---------+---------+-------
        D:1 |      32 |       3 |   8.6 |      16 |       2 |  11.1
        D:2 |      77 |       0 |   0.0 |      28 |       0 |   0.0
        D:3 |     298 |       0 |   0.0 |      19 |       0 |   0.0
        D:4 |       8 |       0 |   0.0 |       3 |       0 |   0.0
            +---------+---------+-------+---------+---------+-------
